 Dungeon Crawl Stone Soup version 0.19.5 (webtiles) character file.

3243 miragecloak the Martial Artist (level 9, -4/62 HPs)
             Began as an Octopode Transmuter on May 15, 2017.
             Shot with a sling bullet by Joseph (14 damage)
             ... on level 9 of the Dungeon on May 16, 2017.
             The game lasted 00:11:04 (8620 turns).

miragecloak the Martial Artist (OpTm)               Turns: 8620, Time: 00:11:05

Health: -4/62      AC:  2    Str: 13    XL:     9   Next: 99%
Magic:  9/12       EV: 22    Int: 15    God:
Gold:   422        SH:  0    Dex: 21    Spells: 2 memorised, 8 levels left

rFire  + . .     SeeInvis +       - Unarmed
rCold  . . .     Gourm    .     (shield currently unavailable)
rNeg   . . .     Faith    .     (helmet currently unavailable)
rPois  x         Spirit   .     (no amulet)
rElec  .         Reflect  .     e - ring of protection from fire
rCorr  .         Harm     .     j - ring of see invisible
MR     .....                    z - +4 ring of strength
Stlth  ++........               (no ring)
                                (no ring)
                                (no ring)
                                (no ring)
                                (no ring)

@: lethally poisoned (-4 -> -11), spider-form (expiring)
A: almost no armour, stealthy swim, (amphibious), 8 rings, (constrict 8),
(camouflage 0), (gelatinous body 0)
a: End Transformation


You were on level 9 of the Dungeon.
You were not hungry.
You were a venomous arachnid creature.
You visited 1 branch of the dungeon, and saw 9 of its levels.

You collected 422 gold pieces.

Inventory:

Missiles
 a - 147 arrows
Jewellery
 e - a ring of protection from fire (left front leg)
 j - a ring of see invisible (right front leg)
 z - a +4 ring of strength (on tentacle)
Wands
 v - a wand of confusion (19/48)
 A - a wand of flame (15/48)
 D - a wand of iceblast (7/15)
Scrolls
 f - 2 scrolls of enchant armour {unknown}
 h - 2 scrolls of random uselessness {unknown}
 k - 3 scrolls of recharging {unknown}
 m - 2 scrolls of immolation {unknown}
 n - 4 scrolls of remove curse {unknown}
 o - a scroll of magic mapping {unknown}
 p - 3 scrolls of blinking {unknown}
 r - 7 scrolls of identify {unknown}
 s - 2 scrolls of enchant weapon {unknown}
 t - 2 scrolls of teleportation {unknown}
 y - a scroll of noise {unknown}
Potions
 d - 2 potions of ambrosia {unknown}
 g - a potion of berserk rage {unknown}
 i - a potion of might {unknown}
 l - 2 potions of invisibility {unknown}
 u - 2 potions of curing {unknown}
 w - 2 potions of resistance {unknown}
 x - 2 potions of brilliance {unknown}
 C - a potion of agility {unknown}
 E - a potion of magic {unknown}
 G - a potion of cancellation {unknown}
Books
 b - a book of Changes

   Spells                             Type                      Level
   a - Beastly Appendage              Transmutation                1
   b - Sticks to Snakes               Transmutation                2
   c - Spider Form                    Transmutation/Poison         3
   d - Ice Form                       Ice/Transmutation            4
   e - Blade Hands                    Transmutation                5
Comestibles
 c - 3 bread rations
 q - 11 royal jellies
 B - 7 beef jerkies
 F - 10 chunks of flesh
 H - a meat ration


   Skills:
 - Level 6.1 Fighting
 * Level 3.5 Dodging
 + Level 11.0 Unarmed Combat
 - Level 2.0 Spellcasting
 - Level 4.4 Transmutations
 - Level 3.1 Poison Magic


You had 8 spell levels left.
You knew the following spells:

 Your Spells              Type           Power        Failure   Level  Hunger
a - Beastly Appendage     Tmut           ##....       14%         1    #......
b - Spider Form           Tmut/Pois      ##........   36%         3    ###....


Dungeon Overview and Level Annotations

Branches:
Dungeon (9/15)
 Temple: D:4-7         Lair: D:8-11         Orc: D:9-12

Altars:
Cheibriados
Gozag
Nemelex Xobeh
Ru
Trog
Vehumet
Yredelemnul

Annotations:
D:5 bananaglory's ghost, novice HOFi
D:9 Joseph


Innate Abilities, Weirdness & Mutations

You cannot wear most types of armour.
You are very stealthy in the water. (Stealth+)
((You are amphibious.))
You can wear up to eight rings at the same time.
((You can use your tentacles to constrict eight enemies at once.))
((Your skin changes colour to match your surroundings (Stealth+).))
((Your rubbery body absorbs attacks. (AC +1, EV +1)))


Message History

Joseph is heavily wounded.
You constrict Joseph.
You feel sick.
Joseph hits you with an uncursed quarterstaff.
The adder bites you.
You are more poisoned.
The adder poisons you!
Casting: Beastly Appendage
Confirm with . or Enter, or press ? or * to list all spells.
Your tentacle spike disappears.
You turn into a venomous arachnid creature.
You lose your grip on Joseph.
Your transformation is almost over.
You feel sick. The adder misses you.
Joseph hits you with an uncursed quarterstaff!
* * * LOW HITPOINT WARNING * * *
You feel sick. The adder completely misses you.
Joseph unwields an uncursed quarterstaff.
Joseph wields an uncursed hunting sling.
Joseph shoots a sling bullet.
The sling bullet hits you!
You die...

##.# #.#
#.###### .
#......# ..##
###....#
....#######...#
........(##...#
###....$......#
..(..>.s###...#
####..S..##.(.#
#..@...#...#
#......#...#
#..._..#####
#......#
##.....#
#######


You could see Joseph and an adder.

Vanquished Creatures
  2 hornets (D:8)
  Eustachio (D:8)
  Edmund (D:4)
  3 swamp worms (D:9)
  A soldier ant (D:8)
  Purgy (D:4)
  2 ice beasts
  A necrophage (D:9)
  2 centaurs
  2 ogres
  5 bullfrogs
  A killer bee (D:6)
  4 wights (D:6)
  A howler monkey (D:6)
  2 crimson imps
  A bullfrog zombie (D:8)
  A jelly (D:9)
  7 hounds
  3 orc wizards
  3 orc priests
  2 bullfrog skeletons
  An iguana (D:6)
  2 worker ants
  4 adders
  An ooze (D:2)
  An adder zombie (D:9)
  12 worms
  4 dart slugs (D:1)
  2 leopard geckos
  23 orcs
  A ball python (D:1)
  6 bats
  7 giant cockroaches
  12 goblins
  7 hobgoblins
  4 jackals
  8 kobolds
  4 quokkas
  5 frilled lizards
  11 rats
161 creatures vanquished.

Vanquished Creatures (others)
  3 plants (D:9)
3 creatures vanquished.

Grand Total: 164 creatures vanquished

Notes
Turn   | Place    | Note
-------+----------+-------------------------------------------
     0 | D:1      | miragecloak the Octopode Transmuter began the quest for the Orb.
     0 | D:1      | Reached XP level 1. HP: 13/13 MP: 3/3
   123 | D:1      | Reached XP level 2. HP: 15/18 MP: 3/5
   616 | D:1      | Reached XP level 3. HP: 10/23 MP: 4/6
   731 | D:1      | Learned a level 3 spell: Spider Form
  1329 | D:1      | Reached skill level 1 in Poison Magic
  1563 | D:2      | Reached XP level 4. HP: 15/28 MP: 5/7
  2292 | D:3      | Reached XP level 5. HP: 4/33 MP: 2/8
  2588 | D:3      | Found a snail-covered altar of Cheibriados.
  3334 | D:4      | Reached skill level 4 in Unarmed Combat
  3334 | D:4      | Reached XP level 6. HP: 30/38 MP: 6/9
  3600 | D:4      | Noticed Purgy
  3610 | D:4      | Killed Purgy
  3610 | D:4      | Reached skill level 5 in Unarmed Combat
  3708 | D:4      | Noticed Edmund
  3735 | D:4      | Killed Edmund
  3735 | D:4      | Reached skill level 6 in Unarmed Combat
  3735 | D:4      | Reached XP level 7. HP: 15/43 MP: 8/10
  4370 | D:5      | Entered Level 5 of the Dungeon
  4383 | D:5      | Noticed bananaglory's ghost (novice HOFi)
  4471 | D:5      | Found a sparkling altar of Nemelex Xobeh.
  4582 | D:6      | Reached skill level 7 in Unarmed Combat
  4670 | D:6      | Reached XP level 8. HP: 37/51 MP: 5/11
  5436 | D:7      | Found an opulent altar of Gozag.
  5436 | D:7      | Found a bloodstained altar of Trog.
  5437 | D:7      | Found a sacrificial altar of Ru.
  5520 | D:7      | Reached skill level 8 in Unarmed Combat
  5746 | D:7      | Found a radiant altar of Vehumet.
  6206 | D:7      | Reached skill level 5 in Fighting
  6488 | D:8      | Reached XP level 9. HP: 60/61 MP: 7/12
  6624 | D:8      | Noticed a hornet
  6630 | D:8      | Killed a hornet
  6630 | D:8      | Reached skill level 9 in Unarmed Combat
  6910 | D:8      | Noticed a hornet
  6913 | D:8      | Killed a hornet
  6913 | D:8      | Reached skill level 10 in Unarmed Combat
  7196 | D:8      | Noticed Eustachio
  7254 | D:8      | Killed Eustachio
  8040 | D:9      | Reached skill level 11 in Unarmed Combat
  8611 | D:9      | Found a basalt altar of Yredelemnul.
  8611 | D:9      | Noticed Joseph
  8620 | D:9      | Shot with a sling bullet by Joseph

Skill      XL: |  1  2  3  4  5  6  7  8  9 |
---------------+----------------------------+-----
Transmutations | 3 4 |  4.4
Poison Magic   | 1 3 |  3.1
Unarmed Combat | 4 6 7 8 11 | 11.0
Fighting       | 2 5 6 |  6.1
Dodging        | 3 |  3.5
Spellcasting   | |  2.0

Action                   |  1- 3 |  4- 6 |  7- 9 || total
-------------------------+-------+-------+-------++-------
Melee: Unarmed           |    82 |   160 |   259 ||   501
       Constrict         |    22 |     9 |    12 ||    43
       Kick              |    13 |     6 |     6 ||    25
       Tentacles         |    10 |     9 |    13 ||    32
       Punch             |       |     1 |     3 ||     4
 Cast: Beastly Appendage |    24 |    11 |     4 ||    39
       Spider Form       |       |    21 |    44 ||    65
 Stab: Sleeping          |     7 |     2 |     4 ||    13
  Eat: Chunk             |     3 |     9 |    14 ||    26
       Bread ration      |       |       |     2 ||     2
Armor: Skin              |    12 |    12 |     9 ||    33
Dodge: Dodged            |    56 |   145 |   186 ||   387
